| TOP OF THE 1ST |
|
Palm Beach Nationals batting - Pitching for Oakland Oaks : RHP Nasser bin Ata
|
|
Pitching: RHP Nasser bin Ata
|
|
|
Batting: RHB Bobby Bricker
|
0-0: Swinging Strike 0-1: Swinging Strike 0-2: Ball 1-2: Strikes out swinging, 2-3 out at first.
|
|
Batting: RHB Victor Cintron
|
0-0: Ball 1-0: Swinging Strike 1-1: Ball 2-1: Foul Ball, location: 2F 2-2: Foul Ball, location: 2F 2-2: SOLO HOME RUN (Flyball, 7D, EV 95.6 MPH), Distance : 369 ft
|
|
Batting: LHB Chance McWilliams
|
0-0: Called Strike 0-1: Ball 1-1: DOUBLE (Line Drive, 8RD, EV 110.0 MPH)
|
|
Pitching: RHP Igoryok Wolgaevsky
|
|
|
Batting: RHB Gregg Huddleston
|
0-0: Ball 1-0: Ball 2-0: Foul Ball, location: 2F 2-1: Fly out, F4 (Popup, 4, EV 55.0 MPH)
|
|
Batting: RHB Gabe Almazan
|
0-0: Called Strike 0-1: Ball 1-1: Called Strike 1-2: Strikes out swinging
|
| Top of the 1st over - 1 run, 2 hits, 0 errors, 1 left on base; Palm Beach 1 - Oakland 0 |
| BOTTOM OF THE 1ST |
|
Oakland Oaks batting - Pitching for Palm Beach Nationals : RHP John Kovach
|
|
Pitching: RHP John Kovach
|
|
|
Batting: RHB Brian Callaghan
|
0-0: Ground out 6-3 (Groundball, 6, EV 88.8 MPH)
|
|
Batting: RHB Scott Lister
|
0-0: Called Strike 0-1: Swinging Strike 0-2: Ball 1-2: Fly out, F7 (Line Drive, 7S, EV 110.0 MPH)
|
|
Batting: LHB Alejandro Muniz
|
0-0: SINGLE (Groundball, 56D, EV 106.9 MPH)
|
|
Batting: SHB Steve Salafia
|
0-0: Ball 1-0: Called Strike 1-1: Ball 2-1: Ball 3-1: Ground out 4-3 (Groundball, 4, EV 86.2 MPH)
|
| Bottom of the 1st over - 0 runs, 1 hit, 0 errors, 1 left on base; Palm Beach 1 - Oakland 0 |
| TOP OF THE 2ND |
|
Palm Beach Nationals batting - Pitching for Oakland Oaks : RHP Igoryok Wolgaevsky
|
|
Batting: RHB Antonio Vallez
|
0-0: Hit by Pitch
|
|
Batting: RHB Justin Van Houten
|
0-0: Ball 1-0: Foul Ball, location: 2F 1-1: Ball 2-1: Ground out 4-3 (Groundball, 34D, EV 103.1 MPH) Antonio Vallez to second
|
|
Batting: RHB Scott Merritt
|
0-0: Ball 1-0: Fly out, F9 (Flyball, 89M, EV 85.6 MPH)
|
|
Batting: RHB Dave Burwell
|
0-0: Foul Ball, location: 2F 0-1: Ground out 4-3 (Groundball, 4S, EV 81.9 MPH)
|
| Top of the 2nd over - 0 runs, 0 hits, 0 errors, 1 left on base; Palm Beach 1 - Oakland 0 |
| BOTTOM OF THE 2ND |
|
Oakland Oaks batting - Pitching for Palm Beach Nationals : RHP John Kovach
|
|
Batting: LHB Mike Murphy
|
0-0: Called Strike 0-1: Called Strike 0-2: Foul Ball, location: 2F 0-2: Ball 1-2: Ball 2-2: Ground out 4-3 (Groundball, 4, EV 90.0 MPH)
|
|
Batting: LHB Marcus Pollard
|
0-0: Called Strike 0-1: Ball 1-1: Called Strike 1-2: SINGLE (Groundball, 4D, EV 106.2 MPH)
|
|
Batting: RHB Darius Mitchell
|
0-0: Called Strike 0-1: Grounds into double play, 6-4-3 (Groundball, 6, EV 79.4 MPH)
|
| Bottom of the 2nd over - 0 runs, 1 hit, 0 errors, 0 left on base; Palm Beach 1 - Oakland 0 |
| TOP OF THE 3RD |
|
Palm Beach Nationals batting - Pitching for Oakland Oaks : RHP Igoryok Wolgaevsky
|
|
Batting: RHB Bobby Bricker
|
0-0: Ball 1-0: Ball 2-0: Foul Ball, location: 2F 2-1: Ball 3-1: Foul Ball, location: 2F 3-2: Fly out, F8 (Flyball, 8LM, EV 88.8 MPH)
|
|
Batting: RHB Victor Cintron
|
0-0: Foul Ball, location: 2F 0-1: Ball 1-1: Ball 2-1: Foul Ball, location: 2F 2-2: SOLO HOME RUN (Flyball, 7LD, EV 99.4 MPH), Distance : 354 ft
|
|
Batting: LHB Chance McWilliams
|
0-0: Called Strike 0-1: Ground out 3-1 (Groundball, 34S, EV 73.8 MPH)
|
|
Batting: RHB Gregg Huddleston
|
0-0: Called Strike 0-1: Ball 1-1: Ball 2-1: Ground out 6-3 (Groundball, 6, EV 96.2 MPH)
|
| Top of the 3rd over - 1 run, 1 hit, 0 errors, 0 left on base; Palm Beach 2 - Oakland 0 |
| BOTTOM OF THE 3RD |
|
Oakland Oaks batting - Pitching for Palm Beach Nationals : RHP John Kovach
|
|
Batting: RHB Jake Leffel
|
0-0: Swinging Strike 0-1: Swinging Strike 0-2: Strikes out swinging
|
|
Batting: RHB Alberto Malagon
|
0-0: Ball 1-0: Called Strike 1-1: Foul Ball, location: 2F 1-2: Ball 2-2: Strikes out swinging
|
|
Batting: RHB Brian Callaghan
|
0-0: Foul Ball, location: 2F 0-1: Ball 1-1: Foul Ball, location: 2F 1-2: Ball 2-2: Foul Ball, location: 2F 2-2: Ball 3-2: Base on Balls
|
|
Batting: RHB Scott Lister
|
0-0: Ball 1-0: Swinging Strike 1-1: Ball 2-1: Ball 3-1: Called Strike 3-2: SINGLE (Line Drive, 8RS, EV 91.9 MPH) Brian Callaghan to second Brian Callaghan to third
|
|
Batting: LHB Alejandro Muniz
|
0-0: Ball 1-0: DOUBLE (Groundball, 5L, EV 101.9 MPH) Brian Callaghan scores Scott Lister to third Runner from 3rd tries for Home, SAFE, throw by LF to home
|
|
Batting: SHB Steve Salafia
|
0-0: Ball 1-0: Called Strike 1-1: Ball 2-1: Called Strike 2-2: SINGLE (Groundball, 34D, EV 101.9 MPH) Alejandro Muniz to third Runner from 3rd tries for Home, SAFE, throw by RF to home
|
|
Batting: LHB Mike Murphy
|
0-0: Called Strike 0-1: DOUBLE (Line Drive, 7LM, EV 99.4 MPH) Steve Salafia to third
|
|
Batting: LHB Marcus Pollard
|
0-0: Swinging Strike 0-1: Ball 1-1: Swinging Strike 1-2: Foul Ball, location: 2F 1-2: Foul Ball, location: 2F 1-2: Foul Ball, location: 2F 1-2: Strikes out looking
|
| Bottom of the 3rd over - 3 runs, 4 hits, 0 errors, 2 left on base; Palm Beach 2 - Oakland 3 |
| TOP OF THE 4TH |
|
Palm Beach Nationals batting - Pitching for Oakland Oaks : RHP Igoryok Wolgaevsky
|
|
Batting: RHB Gabe Almazan
|
0-0: Foul Ball, location: 2F 0-1: Foul Ball, location: 2F 0-2: Strikes out swinging
|
|
Batting: RHB Antonio Vallez
|
0-0: Called Strike 0-1: Ball 1-1: TRIPLE (Line Drive, 78XD, EV 108.8 MPH)
|
|
Batting: RHB Justin Van Houten
|
0-0: Ball 1-0: Ball 2-0: Ball 3-0: Base on Balls
|
|
Batting: RHB Scott Merritt
|
0-0: Ball Justin Van Houten steals 2nd, throwing error, E2 Antonio Vallez scores Justin Van Houten to third 1-0: Called Strike 1-1: Ball 2-1: Foul Ball, location: 2F 2-2: Foul Ball, location: 2F 2-2: Ball 3-2: Foul Ball, location: 2F 3-2: Foul Ball, location: 2F 3-2: Base on Balls
|
|
Pitching: RHP Corbin Schenn
|
|
|
Batting: RHB Dave Burwell
|
0-0: Foul Ball, location: 2F 0-1: Called Strike 0-2: Strikes out swinging
|
|
Batting: RHB Bobby Bricker
|
0-0: Fly out, F7 (Line Drive, 7, EV 88.1 MPH)
|
| Top of the 4th over - 1 run, 1 hit, 1 error, 2 left on base; Palm Beach 3 - Oakland 3 |
| BOTTOM OF THE 4TH |
|
Oakland Oaks batting - Pitching for Palm Beach Nationals : RHP John Kovach
|
|
Batting: RHB Darius Mitchell
|
0-0: Fly out, F9 (Flyball, 89D, EV 98.1 MPH)
|
|
Batting: RHB Jake Leffel
|
0-0: Ball 1-0: Ball 2-0: SINGLE (Line Drive, 78S, EV 110.6 MPH)
|
|
Pitching: RHP Chad Madsen
|
|
|
Batting: RHB Alberto Malagon
|
0-0: Ball Pickoff Throw by Catcher to First - Out! 1-0: Ball 2-0: Ball 3-0: Base on Balls
|
|
Batting: RHB Brian Callaghan
|
0-0: Ball 1-0: Ball 2-0: Ball Alberto Malagon steals 2nd base 3-0: Called Strike 3-1: SINGLE (Flyball, 34D, EV 89.4 MPH) Alberto Malagon to third Runner from 3rd tries for Home, SAFE, throw by RF to home Brian Callaghan to second
|
|
Batting: RHB Scott Lister
|
0-0: Swinging Strike 0-1: Ball 1-1: Ball 2-1: Ball 3-1: Foul Ball, location: 2F 3-2: Foul Ball, location: 2F 3-2: Base on Balls
|
|
Batting: LHB Alejandro Muniz
|
0-0: Ball 1-0: Ball 2-0: SINGLE (Flyball, 8LS, EV 96.2 MPH) Brian Callaghan to third Scott Lister to second Runner from 3rd tries for Home, throw by CF and OUT! 8-2
|
| Bottom of the 4th over - 1 run, 3 hits, 0 errors, 2 left on base; Palm Beach 3 - Oakland 4 |
| TOP OF THE 5TH |
|
Palm Beach Nationals batting - Pitching for Oakland Oaks : RHP Corbin Schenn
|
|
Batting: RHB Victor Cintron
|
0-0: Ball 1-0: Foul Ball, location: 2F 1-1: Foul Ball, location: 2F 1-2: Strikes out swinging
|
|
Batting: LHB Chance McWilliams
|
0-0: Ball 1-0: Swinging Strike 1-1: Ball 2-1: Ball 3-1: Base on Balls
|
|
Batting: RHB Gregg Huddleston
|
0-0: Ball 1-0: Called Strike 1-1: Ball 2-1: Called Strike 2-2: DOUBLE (Line Drive, 7LD, EV 114.4 MPH) Chance McWilliams to third Runner from 3rd tries for Home, SAFE, no throw by LF
|
|
Batting: RHB Gabe Almazan
|
0-0: Ball 1-0: Called Strike 1-1: Foul Ball, location: 2F 1-2: Ball 2-2: Strikes out swinging
|
|
Batting: RHB Antonio Vallez
|
0-0: Swinging Strike 0-1: Ball 1-1: Foul Ball, location: 2F 1-2: Ball 2-2: Strikes out swinging
|
| Top of the 5th over - 1 run, 1 hit, 0 errors, 1 left on base; Palm Beach 4 - Oakland 4 |
| BOTTOM OF THE 5TH |
|
Oakland Oaks batting - Pitching for Palm Beach Nationals : RHP Chad Madsen
|
|
Batting: SHB Steve Salafia
|
0-0: Ground out 3-1 (Groundball, 34, EV 89.4 MPH)
|
|
Batting: LHB Mike Murphy
|
0-0: Ball 1-0: Ball 2-0: Fly out, F8 (Flyball, 8RXD, EV 106.2 MPH)
|
|
Batting: LHB Marcus Pollard
|
0-0: TRIPLE (Line Drive, 78XD, EV 101.2 MPH)
|
|
Batting: RHB Darius Mitchell
|
0-0: Ground out 6-3 (Groundball, 6S, EV 71.9 MPH)
|
| Bottom of the 5th over - 0 runs, 1 hit, 0 errors, 1 left on base; Palm Beach 4 - Oakland 4 |
| TOP OF THE 6TH |
|
Palm Beach Nationals batting - Pitching for Oakland Oaks : RHP Corbin Schenn
|
|
Batting: RHB Justin Van Houten
|
0-0: Foul Ball, location: 2F 0-1: Foul Ball, location: 2F 0-2: Fly out, F8 (Flyball, 8LXD, EV 89.4 MPH)
|
|
Batting: RHB Scott Merritt
|
0-0: Ground out 6-3 (Groundball, 6, EV 87.5 MPH)
|
|
Batting: RHB Dave Burwell
|
0-0: Called Strike 0-1: Called Strike 0-2: Ball 1-2: Strikes out looking
|
| Top of the 6th over - 0 runs, 0 hits, 0 errors, 0 left on base; Palm Beach 4 - Oakland 4 |
| BOTTOM OF THE 6TH |
|
Oakland Oaks batting - Pitching for Palm Beach Nationals : RHP Chad Madsen
|
|
Batting: RHB Jake Leffel
|
0-0: Foul Ball, location: 2F 0-1: Ball 1-1: SINGLE (Groundball, 5D, EV 104.4 MPH)
|
|
Batting: RHB Alberto Malagon
|
0-0: Ground out 6-3 (Groundball, 6MD, EV 100.0 MPH) Jake Leffel to second
|
|
Batting: RHB Brian Callaghan
|
0-0: Ball 1-0: Ball 2-0: Called Strike 2-1: SINGLE (Groundball, 6MD, EV 94.4 MPH) Jake Leffel to third
|
|
Batting: RHB Scott Lister
|
0-0: Ball 1-0: Swinging Strike 1-1: Hit by Pitch Brian Callaghan to second
|
|
Batting: LHB Alejandro Muniz
|
0-0: Ball 1-0: GRAND SLAM HOME RUN (Flyball, 78XD, EV 104.4 MPH), Distance : 427 ft
|
|
Batting: SHB Steve Salafia
|
0-0: SINGLE (Groundball, 4D, EV 102.5 MPH)
|
|
Batting: LHB Mike Murphy
|
0-0: Ball Wild Pitch! Steve Salafia to second 1-0: Foul Ball, location: 2F 1-1: Fly out, F9 (Flyball, 9S, EV 87.5 MPH)
|
|
Batting: LHB Marcus Pollard
|
0-0: Ball 1-0: Ball 2-0: Ball 3-0: Swinging Strike 3-1: Base on Balls
|
|
Batting: RHB Darius Mitchell
|
0-0: Ball 1-0: Foul Ball, location: 2F 1-1: Foul Ball, location: 2F 1-2: Ball 2-2: SINGLE (Groundball, 34D, EV 110.6 MPH) Steve Salafia to third Marcus Pollard to second Runner from 3rd tries for Home, SAFE, throw by RF to home
|
|
Batting: RHB Jake Leffel
|
0-0: Ball 1-0: DOUBLE (Flyball, 8RXD, EV 110.0 MPH) Marcus Pollard scores Darius Mitchell to third
|
|
Batting: RHB Alberto Malagon
|
0-0: SINGLE (Groundball, 6S, EV 71.2 MPH) (infield hit) Darius Mitchell scores Jake Leffel to third
|
|
Pitching: RHP Jelexiz Cuenca
|
|
|
Batting: RHB Brian Callaghan
|
0-0: Ball 1-0: Fielders Choice at 2nd, 5-4 (Groundball, 56, EV 83.1 MPH)
|
| Bottom of the 6th over - 7 runs, 7 hits, 0 errors, 2 left on base; Palm Beach 4 - Oakland 11 |
| TOP OF THE 7TH |
|
Palm Beach Nationals batting - Pitching for Oakland Oaks : RHP Corbin Schenn
|
|
Batting: RHB Bobby Bricker
|
0-0: Ball 1-0: Ball 2-0: Called Strike 2-1: Foul Ball, location: 2F 2-2: Ball 3-2: Foul Ball, location: 2F 3-2: Foul Ball, location: 2F 3-2: Strikes out swinging
|
|
Batting: RHB Victor Cintron
|
0-0: Ball 1-0: Ball 2-0: Called Strike 2-1: Ball 3-1: Swinging Strike 3-2: Ground out 4-3 (Groundball, 4, EV 106.9 MPH)
|
|
Batting: LHB Chance McWilliams
|
0-0: Fly out, F7 (Flyball, 78XD, EV 110.6 MPH)
|
| Top of the 7th over - 0 runs, 0 hits, 0 errors, 0 left on base; Palm Beach 4 - Oakland 11 |
| BOTTOM OF THE 7TH |
|
Oakland Oaks batting - Pitching for Palm Beach Nationals : RHP Jelexiz Cuenca
|
|
Batting: RHB Scott Lister
|
0-0: SINGLE (Line Drive, 6MD, EV 98.1 MPH)
|
|
Pinch Hitting: LHB Igor Ciobanu
|
0-0: Ball 1-0: Ball 2-0: Ball 3-0: Foul Ball, location: 2F 3-1: Base on Balls Scott Lister to second
|
|
Batting: SHB Steve Salafia
|
0-0: Called Strike 0-1: Ball 1-1: Foul Ball, location: 2F 1-2: Ball 2-2: Foul Ball, location: 2F 2-2: Foul Ball, location: 2F 2-2: Fly out, F5 (Flyball, 5D, EV 79.4 MPH)
|
|
Batting: LHB Mike Murphy
|
0-0: Called Strike 0-1: Foul Ball, location: 2F 0-2: Foul Ball, location: 2F 0-2: SINGLE (Groundball, 34D, EV 100.6 MPH) (infield hit) Scott Lister to third Igor Ciobanu to second
|
|
Pinch Hitting: LHB Mike Adams
|
0-0: Ball 1-0: SINGLE (Groundball, 15S, EV 70.0 MPH) (infield hit) Scott Lister scores Igor Ciobanu to third Mike Murphy to second
|
|
Batting: RHB Darius Mitchell
|
0-0: Called Strike 0-1: Ball 1-1: SINGLE (Groundball, 56D, EV 95.0 MPH) Igor Ciobanu scores Mike Murphy to third Mike Adams to second Runner from 3rd tries for Home, SAFE, throw by LF to home
|
|
Batting: RHB Jake Leffel
|
0-0: Swinging Strike 0-1: Ball 1-1: Foul Ball, location: 2F 1-2: SINGLE (Groundball, 23, EV 62.5 MPH) (infield hit) Mike Adams to third Darius Mitchell to second
|
|
Batting: RHB Alberto Malagon
|
0-0: Ball 1-0: Ball 2-0: Ball Wild Pitch! Mike Adams scores Darius Mitchell to third Jake Leffel to second 3-0: Base on Balls
|
|
Pitching: RHP Curtis DeLille
|
|
|
Batting: RHB Brian Callaghan
|
0-0: Foul Ball, location: 2F 0-1: Foul Ball, location: 2F 0-2: SINGLE (Groundball, 23, EV 70.0 MPH) (infield hit) Darius Mitchell scores Jake Leffel to third Alberto Malagon to second
|
|
Pinch Hitting: RHB Antonio Olivares
|
0-0: Ball 1-0: Ground out 5-3 (Groundball, 56S, EV 71.9 MPH) Jake Leffel scores Alberto Malagon to third Brian Callaghan to second
|
|
Batting: LHB Igor Ciobanu
|
0-0: Called Strike 0-1: Foul Ball, location: 2F 0-2: DOUBLE (Line Drive, 89D, EV 105.0 MPH) Alberto Malagon scores Brian Callaghan scores
|
|
Batting: SHB Steve Salafia
|
0-0: Ball 1-0: Called Strike 1-1: Hit by Pitch
|
|
Batting: LHB Mike Murphy
|
0-0: Ball 1-0: Ball 2-0: Ball 3-0: Called Strike 3-1: Base on Balls Igor Ciobanu to third Steve Salafia to second
|
|
Batting: LHB Mike Adams
|
0-0: Fly out, F8 (Flyball, 89D, EV 91.2 MPH)
|
| Bottom of the 7th over - 8 runs, 7 hits, 0 errors, 3 left on base; Palm Beach 4 - Oakland 19 |
| TOP OF THE 8TH |
|
Palm Beach Nationals batting - Pitching for Oakland Oaks : RHP Corbin Schenn
|
|
Now at 1B: Igor Ciobanu
|
|
|
Now at 2B: Antonio Olivares
|
|
|
Now in RF: Mike Adams
|
|
|
Batting: RHB Gregg Huddleston
|
0-0: Ball 1-0: SINGLE (Groundball, 34D, EV 99.4 MPH)
|
|
Pitching: RHP Hisatada Sekiguchi
|
|
|
Pinch Hitting: RHB Jason Ewert
|
0-0: Ball 1-0: Fielders Choice at 2nd, 5-4 (Groundball, 56, EV 83.1 MPH)
|
|
Batting: RHB Antonio Vallez
|
0-0: Called Strike 0-1: Foul Ball, location: 2F 0-2: Ball 1-2: Ball 2-2: Ball 3-2: Strikes out swinging
|
|
Pinch Hitting: LHB Vince McLane
|
0-0: Swinging Strike 0-1: Ball 1-1: Foul Ball, location: 2F 1-2: Foul Ball, location: 2F 1-2: Ball 2-2: Strikes out swinging
|
| Top of the 8th over - 0 runs, 1 hit, 0 errors, 1 left on base; Palm Beach 4 - Oakland 19 |
| BOTTOM OF THE 8TH |
|
Oakland Oaks batting - Pitching for Palm Beach Nationals : RHP Curtis DeLille
|
|
Now at SS: Jason Ewert
|
|
|
Now in CF: Dave Burwell
|
|
|
Now in RF: Vince McLane
|
|
|
Batting: RHB Darius Mitchell
|
0-0: Called Strike 0-1: Ball 1-1: Ball 2-1: Ball 3-1: Base on Balls
|
|
Batting: RHB Jake Leffel
|
0-0: Swinging Strike 0-1: Called Strike 0-2: Strikes out looking
|
|
Batting: RHB Alberto Malagon
|
0-0: Ball 1-0: Called Strike 1-1: SINGLE (Groundball, 25, EV 64.4 MPH) (infield hit) Darius Mitchell to second
|
|
Pinch Hitting: RHB Emiel Schlepers
|
0-0: Fly out, F9 (Flyball, 9LD, EV 90.0 MPH) Runner from 2nd tags up, SAFE at 3rd, no throw by RF
|
|
Batting: RHB Antonio Olivares
|
0-0: Called Strike 0-1: Ball 1-1: Fly out, F5 (Line Drive, 5, EV 66.2 MPH)
|
| Bottom of the 8th over - 0 runs, 1 hit, 0 errors, 2 left on base; Palm Beach 4 - Oakland 19 |
| TOP OF THE 9TH |
|
Palm Beach Nationals batting - Pitching for Oakland Oaks : RHP Hisatada Sekiguchi
|
|
Now at SS: Emiel Schlepers
|
|
|
Batting: RHB Scott Merritt
|
0-0: Ball 1-0: Ball 2-0: Called Strike 2-1: Ball 3-1: Foul Ball, location: 2F 3-2: Base on Balls
|
|
Pinch Hitting: LHB Mike Hamilton
|
0-0: Fly out, F7 (Flyball, 78S, EV 86.9 MPH)
|
|
Batting: RHB Bobby Bricker
|
0-0: Called Strike 0-1: Grounds into double play, 5-4-3 (Groundball, 56, EV 103.8 MPH)
|
| Top of the 9th over - 0 runs, 0 hits, 0 errors, 0 left on base; Palm Beach 4 - Oakland 19 |
|